 Dungeon Crawl Stone Soup version 0.19.5 (webtiles) character file.

165 EvilAshe the Charmwright (level 5, -3/34 HPs)
             Began as a High Elf Skald on Apr 24, 2017.
             Was a Priest of Uskayaw.
             Killed by divine providence
             ... invoked by an orc priest
              (14 damage)
             ... on level 5 of the Dungeon.
             The game lasted 00:09:16 (2911 turns).

EvilAshe the Charmwright (High Elf Skald)           Turns: 2911, Time: 00:09:17

Health: -3/34      AC:  5    Str: 16    XL:     5   Next: 21%
Magic:  9/9        EV: 12    Int: 15    God:    Uskayaw [***...]
Gold:   105        SH:  0    Dex: 16    Spells: 3 memorised, 3 levels left

rFire  . . .     SeeInvis +     a - +0 falchion
rCold  . . .     Gourm    .     h - +1 leather armour {rN+}
rNeg   + . .     Faith    .     (no shield)
rPois  .         Spirit   .     j - +0 helmet
rElec  .         Reflect  .     (no cloak)
rCorr  .         Harm     .     (no gloves)
MR     .....                    (no boots)
Stlth  +.........               (no amulet)
                                (no ring)
                                m - ring of see invisible

@: mighty
A: no striking features
a: Stomp, Line Pass, Renounce Religion


You were on level 5 of the Dungeon.
You worshipped Uskayaw.
Uskayaw was noncommittal.
You were very hungry.

You visited 1 branch of the dungeon, and saw 4 of its levels.

You collected 105 gold pieces.

Inventory:

Hand Weapons
 a - a +0 falchion (weapon)
Armour
 h - a +1 leather armour of positive energy (worn)
 j - a +0 helmet (worn)
Jewellery
 m - a ring of see invisible (left hand)
Scrolls
 e - 2 scrolls of remove curse
 g - a scroll of enchant armour
 i - a scroll of immolation
 l - 2 scrolls of identify
Potions
 n - a potion of heal wounds
 q - a potion of lignification {unknown}
Books
 c - a book of Battle

   Spells                             Type                      Level
   a - Infusion                       Charms                       1
   b - Shroud of Golubria             Charms/Translocation         2
   c - Song of Slaying                Charms                       2
   d - Spectral Weapon                Hexes/Charms                 3
   e - Regeneration                   Charms/Necromancy            3
Comestibles
 b - a meat ration
 d - 2 bread rations
 f - a beef jerky
 p - 3 fruits


   Skills:
 - Level 2.0 Fighting
 * Level 4.9 Long Blades
 - Level 0.8 Armour
 + Level 2.4 Dodging
 - Level 2.4 Spellcasting
 * Level 5.0 Charms


You had 3 spell levels left.
You knew the following spells:

 Your Spells              Type           Power        Failure   Level  Hunger
a - Infusion              Chrm           ###.         3%          1    #......
g - Shroud of Golubria    Chrm/Tloc      #.........   14%         2    ###....
s - Song of Slaying       Chrm           ###.....     6%          2    ###....


Dungeon Overview and Level Annotations

Branches:
Dungeon (3/15)

Altars:
Dithmenos
Fedhas
Uskayaw


Message History

The ogre hits you with a giant spiked club.
You slash the ogre!
The ogre is severely wounded.
The orc barely misses you. The ogre barely misses you.
You riposte.
You hit the ogre.
The ogre is almost dead.
Uskayaw will force your foes to helplessly watch your dance.
Uskayaw prepares the audience for your solo!
The helpless ogre fails to defend itself.
You hit the ogre but do no damage.
The ogre is almost dead.
The orc wizard is no longer paralysed.
The orc priest is no longer paralysed.
The orc is no longer paralysed.
The quokka is no longer paralysed.
The ogre is no longer paralysed.
The gnoll is no longer paralysed. x4
The orc hits you with a short sword.
The orc wizard casts a spell.
The orc wizard blinks!
The orc priest mumbles some strange prayers to Beogh against you.
Beogh smites you!
You die...

.
#.......####
#.#..####
#.#..#
#....#
###.## #.#
## #.#
##.gg###O#
...rg§o@.#
...go#####
o##


You could see an ogre, an orc priest, an orc wizard, 4 gnolls, an orc and a
quokka.

Vanquished Creatures
  Jessica (D:2)
  An iguana (D:5)
  Robin (D:2)
  4 adders (D:2)
  An ooze (D:1)
  A worm (D:2)
  A dart slug (D:2)
  3 leopard geckos
  2 bats (D:1)
  2 giant cockroaches
  16 goblins
  10 hobgoblins
  5 kobolds
  2 ball pythons (D:1)
  4 frilled lizards
  3 rats
57 creatures vanquished.

Notes
Turn   | Place    | Note
-------+----------+-------------------------------------------
     0 | D:1      | EvilAshe the High Elf Skald began the quest for the Orb.
     0 | D:1      | Reached XP level 1. HP: 14/14 MP: 4/4
     2 | D:1      | Noticed an octopode
     2 | D:1      | Noticed a formicid
     4 | D:1      | Noticed a naga
     6 | D:1      | Noticed a demonspawn
     6 | D:1      | Noticed a dwarf
     8 | D:1      | Noticed a merfolk
     8 | D:1      | Noticed a demigod
    10 | D:1      | Noticed an ogre
    10 | D:1      | Noticed an elf
    12 | D:1      | Noticed a tengu
    12 | D:1      | Noticed a halfling
    14 | D:1      | Noticed a minotaur
    16 | D:1      | Noticed a troll
    18 | D:1      | Noticed a vampire
    18 | D:1      | Noticed a human
    20 | D:1      | Noticed a felid
    20 | D:1      | Noticed a vine stalker
    22 | D:1      | Noticed a draconian
    22 | D:1      | Noticed a centaur
    24 | D:1      | Noticed a spriggan
    26 | D:1      | Noticed a gargoyle
    26 | D:1      | Noticed a ghoul
   198 | D:1      | Reached XP level 2. HP: 16/19 MP: 0/6
   276 | D:1      | Learned a level 2 spell: Shroud of Golubria
   279 | D:1      | Learned a level 2 spell: Song of Slaying
   543 | D:1      | Reached skill level 4 in Charms
   778 | D:1      | Reached XP level 3. HP: 23/24 MP: 7/7
  1528 | D:2      | Noticed Jessica
  1547 | D:2      | Killed Jessica
  1547 | D:2      | Reached XP level 4. HP: 26/29 MP: 5/8
  1805 | D:2      | Noticed Robin
  1834 | D:2      | Killed Robin
  2378 | D:2      | Found a hide-covered altar of Uskayaw.
  2387 | D:2      | Became a worshipper of Uskayaw the Reveler
  2456 | D:2      | Reached * piety under Uskayaw
  2460 | D:2      | Reached XP level 5. HP: 17/34 MP: 7/9
  2847 | D:3      | You fall through a shaft for 2 floors!
  2847 | D:5      | Entered Level 5 of the Dungeon
  2847 | D:5      | Found a blossoming altar of Fedhas.
  2860 | D:5      | Found a shadowy altar of Dithmenos.
  2865 | D:5      | Noticed an ogre
  2907 | D:5      | Reached ** piety under Uskayaw
  2908 | D:5      | Reached skill level 5 in Charms
  2910 | D:5      | Reached *** piety under Uskayaw
  2911 | D:5      | Killed from afar by an orc priest

Skill      XL: |  1  2  3  4  5 |
---------------+----------------+-----
Long Blades    | 3 4 |  4.9
Charms         | 4 5 |  5.0
Dodging        | 2 |  2.4
Fighting       | |  2.0
Armour         | |  0.8
Spellcasting   | |  2.4

Action                   |  1- 3 |  4- 6 || total
-------------------------+-------+-------++-------
Melee: Falchion          |   141 |    71 ||   212
 Cast: Infusion          |     3 |       ||     3
       Shroud of Golubri |    12 |     5 ||    17
       Song of Slaying   |     1 |     2 ||     3
  Use: Scroll            |     3 |     3 ||     6
       Potion            |     1 |     1 ||     2
 Stab: Sleeping          |     1 |       ||     1
       Paralysed         |       |     1 ||     1
  Eat: Chunk             |     3 |     4 ||     7
Armor: Leather armour    |    46 |    17 ||    63
Dodge: Dodged            |    96 |    41 ||   137
       Rpst.: Falchion   |    39 |    14 ||    53
